[ PARTIDA AOE2 · #507235417 ]
UnrankedGodos vs Gurjaras
Equipo del jugador · DERR
Equipo rival · VICT
[ ANÁLISIS DE REPETICIÓN · EXTRAÍDO DE LA PARTIDA GRABADA ]
Feudal
12:17
Castillos
—
Imperial
—
| APM promedio | 65.4 |
| APM pico | 91 |
| eAPM promedio | 21.2 |
| Aldeanos / militares | 56 / 24 |
Foco
⚔️ 37.2% · 🌾 62.8%
Skirmisher ×17 · Militia ×4 · Archer ×3
Feudal
8:52
Castillos
—
Imperial
—
| APM promedio | 80.9 |
| APM pico | 115 |
| eAPM promedio | 27.8 |
| Aldeanos / militares | 46 / 20 |
Foco
⚔️ 44.4% · 🌾 55.6%
Archer ×15 · Skirmisher ×3 · Scout Cavalry ×2
Mapa de la partida
Recursos iniciales + cada clic de construcción. Líneas = muros · curvas = relieve. ◆ oro · ⬟ piedra · ● bayas · ✦ reliquia · ◌ hueco del cierre
Tu base· Abierta — flanco sin cerrar
Base de EMPEROR VASILIY ALIBABAEVICH· Abierta — flanco sin cerrar
Terreno inicial suavizado · ◌ = hueco del cierre detectado · pasá el cursor para detalles
Inputs por minuto
— Zezlot - - EMPEROR VASILIY ALIBABAEVICH
Build order — Zezlot
149 acciones detectadas en el replay
| 0:01 | Construir | House |
| 0:02 | Construir | House |
| 0:04 | Crear | Villager (Male) |
| 0:05 | Crear | Villager (Male) |
| 0:13 | Crear | Villager (Male) |
| 0:14 | Crear | Villager (Male) |
| 0:14 | Crear | Villager (Male) |
| 1:29 | Crear | Villager (Male) |
| 1:59 | Crear | Villager (Male) |
| 2:15 | Crear | Villager (Male) |
| 2:53 | Crear | Villager (Male) |
| 2:54 | Crear | Villager (Male) |
| 3:14 | Construir | House |
| 4:14 | Construir | Palisade Wall |
| 4:15 | Construir | Palisade Wall |
| 4:19 | Construir | Palisade Wall |
| 4:26 | Investigar | Loom |
| 4:27 | Crear | Villager (Male) |
| 4:39 | Crear | Villager (Male) |
| 4:43 | Construir | Barracks |
| 4:54 | Crear | Villager (Male) |
| 4:55 | Crear | Villager (Male) |
| 4:57 | Crear | Villager (Male) |
| 5:12 | Crear | Villager (Male) |
| 5:35 | Crear | Militia |
| 5:36 | Crear | Villager (Male) |
| 5:37 | Construir | House |
| 5:41 | Construir | House |
| 5:56 | Crear | Militia |
| 6:00 | Crear | Villager (Male) |
| 6:00 | Crear | Villager (Male) |
| 6:04 | Crear | Villager (Male) |
| 6:24 | Crear | Militia |
| 6:26 | Crear | Militia |
| 6:50 | Construir | Palisade Wall |
| 6:51 | Crear | Villager (Male) |
| 6:58 | Construir | Mill |
| 7:16 | Construir | Palisade Wall |
| 7:17 | Crear | Villager (Male) |
| 7:18 | Crear | Villager (Male) |
| 7:27 | Crear | Villager (Male) |
| 7:36 | Construir | Palisade Wall |
| 7:37 | Construir | Palisade Wall |
| 7:38 | Construir | Palisade Wall |
| 7:39 | Construir | Palisade Wall |
| 7:40 | Construir | Palisade Wall |
| 7:42 | Construir | Palisade Wall |
| 7:43 | Construir | Palisade Wall |
| 7:53 | Crear | Villager (Male) |
| 7:53 | Crear | Villager (Male) |
| 7:54 | Construir | House |
| 8:00 | Crear | Villager (Male) |
| 8:24 | Construir | Mill |
| 8:35 | Crear | Villager (Male) |
| 8:42 | Crear | Villager (Male) |
| 9:02 | Crear | Villager (Male) |
| 9:33 | Construir | Lumber Camp |
| 9:35 | Crear | Villager (Male) |
| 10:07 | Investigar | Feudal Age |
| 10:08 | Investigar | Feudal Age |
| 10:38 | Crear | Villager (Male) |
| 11:07 | Construir | House |
| 11:08 | Construir | House |
| 11:21 | Crear | Villager (Male) |
| 11:22 | Crear | Villager (Male) |
| 11:26 | Crear | Villager (Male) |
| 11:26 | Crear | Villager (Male) |
| 11:38 | Crear | Villager (Male) |
| 11:49 | Crear | Villager (Male) |
| 11:53 | Construir | Mining Camp |
| 11:59 | Construir | Farm |
| 12:00 | Construir | Farm |
| 12:00 | Construir | Farm |
| 12:01 | Construir | Farm |
| 12:04 | Construir | Farm |
| 12:17 | Edad | Edad Feudal |
| 12:24 | Construir | Archery Range |
| 12:46 | Construir | Farm |
| 13:16 | Investigar | Double-Bit Axe |
| 13:19 | Crear | Villager (Male) |
| 13:22 | Crear | Archer |
| 13:22 | Crear | Archer |
| 13:23 | Crear | Villager (Male) |
| 13:26 | Crear | Villager (Male) |
| 13:30 | Crear | Villager (Male) |
| 13:31 | Crear | Villager (Male) |
| 13:38 | Crear | Villager (Male) |
| 13:43 | Construir | Palisade Wall |
| 13:43 | Construir | Palisade Wall |
| 13:51 | Crear | Skirmisher |
| 13:58 | Crear | Villager (Male) |
| 14:11 | Crear | Skirmisher |
| 14:19 | Investigar | Horse Collar |
| 14:21 | Crear | Villager (Male) |
| 14:22 | Crear | Skirmisher |
| 14:23 | Crear | Villager (Male) |
| 14:27 | Crear | Skirmisher |
| 14:42 | Construir | Palisade Wall |
| 14:44 | Construir | Palisade Wall |
| 14:48 | Crear | Skirmisher |
| 14:49 | Crear | Villager (Male) |
| 15:04 | Construir | Blacksmith |
| 15:11 | Construir | House |
| 15:14 | Crear | Skirmisher |
| 15:22 | Crear | Skirmisher |
| 15:45 | Investigar | Fletching |
| 15:53 | Crear | Skirmisher |
| 16:02 | Construir | Farm |
| 16:03 | Construir | Farm |
| 16:03 | Construir | Farm |
| 16:03 | Construir | Farm |
| 16:03 | Construir | Farm |
| 16:03 | Construir | Farm |
| 16:21 | Crear | Villager (Male) |
| 16:26 | Crear | Villager (Male) |
| 16:30 | Construir | Farm |
| 16:51 | Crear | Skirmisher |
| 17:01 | Crear | Skirmisher |
| 17:04 | Construir | Farm |
| 17:04 | Construir | Farm |
| 17:04 | Construir | Farm |
| 17:04 | Construir | Farm |
| 17:05 | Construir | Farm |
| 17:09 | Crear | Villager (Male) |
| 17:17 | Construir | Lumber Camp |
| 17:17 | Crear | Villager (Male) |
| 17:18 | Crear | Skirmisher |
| 17:18 | Crear | Skirmisher |
| 17:30 | Construir | House |
| 17:30 | Construir | House |
| 17:51 | Crear | Skirmisher |
| 17:52 | Crear | Skirmisher |
| 17:55 | Crear | Villager (Male) |
| 17:56 | Construir | House |
| 18:04 | Construir | Palisade Wall |
| 18:05 | Construir | Palisade Wall |
| 18:11 | Crear | Skirmisher |
| 18:12 | Crear | Skirmisher |
| 18:15 | Crear | Villager (Male) |
| 18:15 | Crear | Villager (Male) |
| 18:19 | Crear | Villager (Male) |
| 18:39 | Crear | Archer |
| 18:42 | Construir | Palisade Gate |
| 18:45 | Construir | House |
| 18:48 | Construir | Palisade Wall |
| 18:49 | Crear | Skirmisher |
| 19:03 | Construir | House |
| 19:08 | Construir | Palisade Gate |
| 19:18 | Construir | Palisade Wall |
Build order — EMPEROR VASILIY ALIBABAEVICH
121 acciones detectadas en el replay
| 0:01 | Crear | Villager (Male) |
| 0:01 | Crear | Villager (Male) |
| 0:02 | Construir | House |
| 0:03 | Construir | House |
| 0:06 | Crear | Villager (Male) |
| 0:08 | Crear | Villager (Male) |
| 0:29 | Construir | Mill |
| 1:32 | Crear | Villager (Male) |
| 1:32 | Crear | Villager (Male) |
| 1:55 | Crear | Villager (Male) |
| 1:55 | Crear | Villager (Male) |
| 2:03 | Crear | Villager (Male) |
| 2:31 | Crear | Villager (Male) |
| 2:31 | Crear | Villager (Male) |
| 2:57 | Crear | Villager (Male) |
| 2:57 | Crear | Villager (Male) |
| 3:11 | Construir | House |
| 3:16 | Construir | House |
| 3:33 | Crear | Villager (Male) |
| 3:51 | Construir | Lumber Camp |
| 3:54 | Crear | Villager (Male) |
| 4:07 | Crear | Villager (Male) |
| 4:28 | Crear | Villager (Male) |
| 4:49 | Crear | Villager (Male) |
| 5:02 | Investigar | Loom |
| 6:17 | Crear | Villager (Male) |
| 6:37 | Investigar | Feudal Age |
| 6:58 | Construir | Palisade Wall |
| 7:02 | Construir | Barracks |
| 7:05 | Construir | House |
| 7:09 | Construir | House |
| 7:55 | Crear | Villager (Male) |
| 8:05 | Construir | Barracks |
| 8:52 | Edad | Edad Feudal |
| 9:05 | Construir | Archery Range |
| 9:11 | Crear | Villager (Male) |
| 9:30 | Construir | Mining Camp |
| 9:37 | Crear | Villager (Male) |
| 9:39 | Investigar | Double-Bit Axe |
| 9:39 | Investigar | Double-Bit Axe |
| 9:42 | Construir | Palisade Wall |
| 9:49 | Construir | Palisade Wall |
| 9:52 | Construir | House |
| 9:54 | Crear | Villager (Male) |
| 9:59 | Construir | House |
| 10:19 | Crear | Villager (Male) |
| 10:21 | Construir | House |
| 10:30 | Construir | House |
| 10:39 | Construir | Farm |
| 10:41 | Crear | Archer |
| 10:41 | Crear | Archer |
| 11:14 | Construir | Farm |
| 11:15 | Construir | Farm |
| 11:28 | Crear | Villager (Male) |
| 11:37 | Crear | Archer |
| 11:38 | Crear | Archer |
| 11:38 | Crear | Villager (Male) |
| 11:43 | Construir | Farm |
| 11:44 | Construir | Farm |
| 11:49 | Crear | Villager (Male) |
| 11:51 | Construir | Farm |
| 11:51 | Construir | Farm |
| 12:11 | Crear | Villager (Male) |
| 12:16 | Crear | Archer |
| 12:16 | Crear | Archer |
| 12:31 | Construir | Farm |
| 12:34 | Crear | Villager (Male) |
| 12:53 | Crear | Villager (Male) |
| 13:09 | Construir | Lumber Camp |
| 13:14 | Crear | Archer |
| 13:18 | Crear | Villager (Male) |
| 13:24 | Construir | Farm |
| 13:30 | Construir | Blacksmith |
| 13:33 | Crear | Archer |
| 13:37 | Crear | Villager (Male) |
| 13:44 | Construir | House |
| 13:56 | Crear | Villager (Male) |
| 13:57 | Crear | Archer |
| 14:20 | Construir | Farm |
| 14:21 | Crear | Villager (Male) |
| 14:23 | Construir | Farm |
| 14:25 | Construir | Farm |
| 14:26 | Construir | Farm |
| 14:30 | Investigar | Fletching |
| 14:30 | Investigar | Fletching |
| 14:31 | Crear | Villager (Male) |
| 14:40 | Crear | Skirmisher |
| 14:48 | Construir | Farm |
| 14:55 | Construir | House |
| 14:56 | Construir | House |
| 15:03 | Crear | Skirmisher |
| 15:04 | Crear | Skirmisher |
| 15:43 | Crear | Villager (Male) |
| 15:48 | Construir | Farm |
| 15:56 | Crear | Archer |
| 15:58 | Crear | Villager (Male) |
| 16:01 | Construir | Stable |
| 16:08 | Crear | Villager (Male) |
| 16:10 | Crear | Villager (Male) |
| 16:27 | Crear | Villager (Male) |
| 16:30 | Construir | Farm |
| 16:34 | Construir | Farm |
| 16:45 | Crear | Villager (Male) |
| 16:50 | Crear | Archer |
| 17:04 | Crear | Archer |
| 17:06 | Crear | Villager (Male) |
| 17:07 | Construir | Farm |
| 17:09 | Crear | Scout Cavalry |
| 17:09 | Crear | Scout Cavalry |
| 17:11 | Construir | House |
| 17:20 | Crear | Archer |
| 17:25 | Crear | Villager (Male) |
| 17:30 | Construir | Farm |
| 17:45 | Crear | Archer |
| 18:01 | Construir | House |
| 18:01 | Construir | House |
| 18:04 | Crear | Archer |
| 18:16 | Crear | Villager (Male) |
| 18:44 | Crear | Villager (Male) |
| 19:08 | Construir | Archery Range |
| 19:09 | Crear | Villager (Male) |
Cronología de la partida
| 4:14 | Zezlot · wall_segment Palisade Wall x1 |
| 4:15 | Zezlot · wall_segment Palisade Wall x1 |
| 4:19 | Zezlot · wall_segment Palisade Wall x1 |
| 4:43 | Zezlot · first_building Barracks |
| 6:50 | Zezlot · wall_segment Palisade Wall x1 |
| 6:58 | EMPEROR VASILIY ALIBABAEVICH · wall_segment Palisade Wall x4 |
| 7:02 | EMPEROR VASILIY ALIBABAEVICH · first_building Barracks |
| 7:16 | Zezlot · wall_segment Palisade Wall x1 |
| 7:36 | Zezlot · wall_segment Palisade Wall x1 |
| 7:37 | Zezlot · wall_segment Palisade Wall x3 |
| 7:38 | Zezlot · wall_segment Palisade Wall x4 |
| 7:39 | Zezlot · wall_segment Palisade Wall x5 |
| 7:40 | Zezlot · wall_segment Palisade Wall x1 |
| 7:42 | Zezlot · wall_segment Palisade Wall x4 |
| 7:43 | Zezlot · wall_segment Palisade Wall x4 |
| 8:52 | EMPEROR VASILIY ALIBABAEVICH · age_up feudal |
| 9:05 | EMPEROR VASILIY ALIBABAEVICH · first_building Archery Range |
| 9:42 | EMPEROR VASILIY ALIBABAEVICH · wall_segment Palisade Wall x1 |
| 9:49 | EMPEROR VASILIY ALIBABAEVICH · wall_segment Palisade Wall x1 |
| 12:17 | Zezlot · age_up feudal |
| 12:24 | Zezlot · first_building Archery Range |
| 13:43 | Zezlot · wall_segment Palisade Wall x5 |
| 13:43 | Zezlot · wall_segment Palisade Wall x8 |
| 14:42 | Zezlot · wall_segment Palisade Wall x1 |
| 14:44 | Zezlot · wall_segment Palisade Wall x1 |
| 16:01 | EMPEROR VASILIY ALIBABAEVICH · first_building Stable |
| 18:04 | Zezlot · wall_segment Palisade Wall x15 |
| 18:05 | Zezlot · wall_segment Palisade Wall x2 |
| 18:48 | Zezlot · wall_segment Palisade Wall x1 |
| 19:18 | Zezlot · wall_segment Palisade Wall x1 |
| 19:41 | Zezlot · resign |
[ ANÁLISIS IA · 1 CRÉDITO ]
¿Qué pasó realmente en esta partida?
Wolo.gg analiza cada decisión: build order, eco, micro, errores típicos por bracket. Análisis personalizado por WhatsApp o Discord en 30 segundos.
Guía civ
Godos
Perfil
Jugador #14438285